AoeStats
← NDF

Black Forest

504351089Analyzed
2v2 RM · 27d ago on Sep 5, 2026· 54m 30s· 4 players
Game mode
Random Map
Map size
Medium (4 player)
Population
200
Speed
Normal
Resources
Standard
Victory
Conquest
Starting age
Dark Age
Ending age
Imperial Age
RankedLock teamsTeams togetherTeam positionsShared explorationLock speedFull tech treeHidden civsTurbo modeCheats
Victory
Defeat
🇺🇸 Persians · United States
739
+14
🇺🇸 Tupi · United States
724
+14
🇦🇷 Teutons · Argentina
689
-14
🇦🇷 Spanish · Argentina
688
-14
NDF
5:31 Loom
12:57 Feudal Age
19:48 Arson
23:01 Castle Age
22:28 Bloodlines
22:23 Horse Collar
22:32 Double-Bit Axe
22:46 Gold Mining
22:48 Stone Mining
23:30 Crossbowman
25:30 Heavy Plow
26:48 Stone Shaft Mining
30:15 Forging
30:06 Scale Mail Armor
32:05 Bow Saw
38:43 Imperial Age
39:56 Ironclad
39:07 Sappers
41:29 Hoardings
42:25 Ironclad
41:36 Sappers
41:27 Elite Teutonic Knight
42:44 Hoardings
41:40 Pikeman
42:21 Squires
41:46 Capped Ram
43:20 Masonry
43:17 Siege Engineers
44:34 Crop Rotation
54:41 Chain Mail Armor
estebanpa
6:26 Loom
12:02 Feudal Age
12:45 Man-at-Arms
14:21 Arson
15:00 Double-Bit Axe
15:38 Scale Mail Armor
15:50 Forging
24:01 Castle Age
23:57 Stone Mining
24:04 Gold Mining
26:32 Bow Saw
26:05 Horse Collar
29:18 Chain Mail Armor
29:38 Iron Casting
29:09 Scale Barding Armor
31:58 Bloodlines
31:51 Husbandry
32:24 Light Cavalry
37:04 Redemption
37:23 Sanctity
38:39 Stone Shaft Mining
41:02 Imperial Age
40:34 Fervor
41:53 Inquisition
42:19 Ballistics
41:56 Murder Holes
43:33 Block Printing
43:42 Block Printing
43:53 Illumination
44:04 Theocracy
Darkchild93_
3:48 Loom
12:49 Feudal Age
14:49 Double-Bit Axe
25:24 Castle Age
23:17 Horse Collar
25:39 Stone Mining
26:23 Caravan
27:33 Bow Saw
28:43 Gold Mining
29:32 Wheelbarrow
28:47 Town Watch
30:33 Coinage
30:31 Heavy Plow
34:17 Hand Cart
34:07 Town Patrol
36:14 Arson
36:35 Scale Mail Armor
36:27 Fletching
36:37 Padded Archer Armor
37:08 Squires
37:32 Chain Mail Armor
36:44 Pikeman
38:39 Bodkin Arrow
43:10 Imperial Age
41:30 Leather Archer Armor
42:10 Ballistics
41:31 Treadmill Crane
42:33 Gold Shaft Mining
43:21 Elite Blackwood Archer
44:50 Banking
45:34 Curare
46:38 Chemistry
45:29 Heated Shot
45:32 Guard Tower
47:05 Bracer
47:21 Leather Archer Armor
47:37 Plate Mail Armor
46:44 Elite Ibirapema Warrior
48:59 Keep
48:09 Arrowslits
49:23 Ring Archer Armor
52:43 Forging
53:07 Capped Ram
55:53 Two-Man Saw
D333ZNUTTTZ85
12:06 Feudal Age
12:28 Double-Bit Axe
21:17 Castle Age
22:50 Bow Saw
25:25 Stone Mining
32:26 Imperial Age
30:16 Horse Collar
30:56 Gold Mining
31:33 Kamandaran
31:46 Crossbowman
32:33 Thumb Ring
35:50 Two-Man Saw
39:43 Ballistics
40:30 Elite War Elephant
45:28 Chemistry
45:45 Forging
45:36 Scale Mail Armor
45:42 Scale Barding Armor
45:41 Padded Archer Armor
45:33 Fletching
48:22 Iron Casting
51:56 Leather Archer Armor
51:37 Bodkin Arrow
51:59 Chain Mail Armor
52:46 Blast Furnace
52:07 Chain Barding Armor
53:18 Heavy Cavalry Archer
54:29 Parthian Tactics
Connection lost

Rejoining the realm…

Still unreachable

The connection could not be restored.

Session expired

The server has moved on; the page needs a fresh start.